AoeStats
← HANNiBAL_iS_BACK

Nomad

510818866Analyzed
3v3 RM · 8h ago on Oct 2, 2026· 27m 37s· 6 players
Game mode
Random Map
Map size
210×210
Population
200
Speed
Normal
Resources
Standard
Victory
Conquest
Starting age
Dark Age
Ending age
Imperial Age
RankedLock teamsTeams togetherTeam positionsShared explorationLock speedFull tech treeHidden civsTurbo modeCheats
Victory
Defeat
🇪🇸 Japanese · Spain
1080
+13
🇹🇷 Koreans · Türkiye
1039
+15
🇫🇷 Celts · France
992
+16
🇧🇷 Maya · Brazil
1070
-17
🇦🇷 Hindustanis · Argentina
997
-14
🇩🇪 Huns · Germany
978
-13
Egeranto
5:32 Loom
13:35 Feudal Age
14:44 Double-Bit Axe
16:47 Fletching
18:52 Wheelbarrow
24:28 Castle Age
25:16 Stone Mining
25:22 Bodkin Arrow
26:23 Bow Saw
Alcaz
4:43 Loom
13:25 Feudal Age
13:53 Town Watch
13:55 Double-Bit Axe
18:19 Castle Age
16:15 Horse Collar
17:52 Scale Mail Armor
20:07 Chain Mail Armor
25:01 Arson
26:45 Forging
Fran
16:19 Feudal Age
17:35 Wheelbarrow
16:50 Double-Bit Axe
17:12 Fishing Lines
17:45 Town Watch
17:45 Loom
17:59 Gold Mining
21:14 Arson
28:08 Castle Age
25:34 Man-at-Arms
26:17 Scale Mail Armor
26:28 Forging
27:21 Stone Mining
27:14 Horse Collar
HANNiBAL_iS_BACK
11:45 Loom
14:11 Feudal Age
18:18 Castle Age
16:26 Gold Mining
19:28 Fletching
19:38 Padded Archer Armor
20:58 Horse Collar
21:45 Bodkin Arrow
22:06 Leather Archer Armor
21:50 Double-Bit Axe
21:56 Town Watch
25:42 Bloodlines
25:33 Husbandry
FeHZappa
7:08 Loom
17:33 Feudal Age
25:01 Castle Age
26:22 Fletching
ManuJaho
6:37 Loom
15:15 Feudal Age
19:12 Castle Age
17:33 Double-Bit Axe
19:26 Stone Mining
19:46 Town Watch
Connection lost

Rejoining the realm…

Still unreachable

The connection could not be restored.

Session expired

The server has moved on; the page needs a fresh start.